 Dungeon Crawl Stone Soup version 0.19-a0-944-gb338e1e (webtiles) character file.

109 zero the Poker (level 4, -1/28 HPs)
             Began as a Gargoyle Berserker on July 8, 2016.
             Was a Priest of Trog.
             Killed from afar by an orc wizard (6 damage)
             ... with a magic dart
             ... on level 5 of the Dungeon.
             The game lasted 00:02:19 (1714 turns).

zero the Poker (Gargoyle Berserker)                 Turns: 1714, Time: 00:02:21

Health: -1/28      AC:  5    Str: 20    XL:     4   Next: 89%
Magic:  4/4        EV: 12    Int:  8    God:    Trog [***...]
Gold:   48         SH:  0    Dex: 10    Spells: 0 memorised, 3 levels left

rFire  . . .     SeeInvis .     a - +0 spear
rCold  . . .     Gourm    .     b - +0 animal skin
rNeg   + . .     Faith    .     (no shield)
rPois  ∞         Spirit   .     (no helmet)
rElec  +         Dismiss  .     (no cloak)
rCorr  .         Reflect  .     (no gloves)
SustAt .         Harm     .     (no boots)
MR     .....                    (no amulet)
Stlth  +.........               (no ring)
                                (no ring)

@: exhausted, slowed, very slow, not resistant to hostile enchantments, very
unstealthy
A: negative energy resistance 1, electricity resistance, unbreathing,
petrification resistance, rot immunity, AC +3
a: Berserk, Trog's Hand, Burn Spellbooks, Renounce Religion


You were on level 5 of the Dungeon.
You worshipped Trog.
Trog was most pleased with you.
You were hungry.

You visited 1 branch of the dungeon, and saw 4 of its levels.

You collected 48 gold pieces.

Inventory:

Hand Weapons
 a - a +0 spear (weapon)
Armour
 b - a +0 animal skin (worn)
 h - a +0 cloak
Jewellery
 n - an uncursed amulet of regeneration {unknown}
Scrolls
 e - 2 scrolls of magic mapping {unknown}
 k - a scroll of enchant armour {unknown}
Potions
 g - a potion of curing {unknown}
 i - a potion of might {unknown}
 j - a potion of heal wounds {unknown}
 l - a potion of lignification {unknown}
 o - a potion of resistance {unknown}
Comestibles
 c - 4 bread rations
 d - 3 fruits
 f - 2 meat rations


   Skills:
 - Level 3.2 Fighting
 + Level 4.9 Polearms
 - Level 2.1 Armour
 - Level 1.5 Dodging


You had 3 spell levels left.
You didn't know any spells.

Dungeon Overview and Level Annotations

Branches:
Dungeon (5/15)
 Temple: D:4-7

Altars:

Annotations:
D:4 Menkaure


Innate Abilities, Weirdness & Mutations

You are resistant to torment.
Your stone body is resilient. (AC +3)
You are immune to poison.
You resist negative energy. (rN+)
You are resistant to electric shocks. (rElec)
You can survive without breathing.
You are immune to petrification.
You are immune to rotting.


Message History

The orc hits you but does no damage.
The orc wizard casts a cantrip, but nothing happens.
The orc hits you but does no damage.
You hit the orc but do no damage.
The orc is severely wounded.
The orc hits you with a short sword.
* * * LOW HITPOINT WARNING * * *
You hit the orc but do no damage.
The orc is severely wounded.
The orc closely misses you.
You hit the orc.
You kill the orc!
Trog accepts your kill.
The orc wizard casts a spell.
The orc wizard flickers and vanishes!
Deactivating autopickup; reactivate with Ctrl-A.
You hear some strange, mumbled words.
A magic dart appears from out of thin air!
The magic dart hits you!
You die... ################### ......†<)...@{o>..# #################.#

You could see an orc wizard.

Vanquished Creatures
  A hound (D:5)
  3 adders (D:2)
  A worm (D:2)
  3 orcs (D:5)
  5 bats (D:2)
  A giant cockroach (D:2)
  7 goblins
  6 hobgoblins
  2 jackals (D:1)
  2 kobolds (D:2)
  A quokka (D:2)
  4 giant newts
  36 rats
72 creatures vanquished.

Notes
Turn   | Place    | Note
-------+----------+-------------------------------------------
     0 | D:1      | zero the Gargoyle Berserker began the quest for the Orb.
     0 | D:1      | Reached XP level 1. HP: 14/14 MP: 1/1
    93 | D:1      | Reached skill level 3 in Polearms
   116 | D:1      | Reached XP level 2. HP: 19/19 MP: 2/2
   688 | D:2      | Reached ** piety under Trog
  1013 | D:2      | Reached XP level 3. HP: 23/23 MP: 3/3
  1070 | D:2      | Reached skill level 4 in Polearms
  1216 | D:2      | Reached XP level 4. HP: 21/28 MP: 4/4
  1257 | D:2      | Reached *** piety under Trog
  1664 | D:2      | You fall through a shaft for 2 floors!
  1668 | D:4      | Noticed Menkaure
  1679 | D:5      | Entered Level 5 of the Dungeon
  1714 | D:5      | Killed from afar by an orc wizard

Vault maps used:
D:1:      minmay_arrival_loop
D:2:      first_bread, minmay_rats_cheesy_pizza
D:4:      hangedman_minor_gate_pass, uniq_menkaure
D:5:      grunt_temple_overflow_open, gup_sewer_entry_pipe

Skill      XL: |  1  2  3 |
---------------+----------+-----
Polearms       | 3 4 |  4.9
Fighting       | |  3.2
Armour         | |  2.1
Dodging        | |  1.5

Action                   |  1- 3 |  4- 6 || total
-------------------------+-------+-------++-------
Melee: Spear             |   121 |   112 ||   233
Invok: Berserk           |     1 |     1 ||     2
       Trog's Hand       |       |     1 ||     1
 Stab: Sleeping          |     2 |     3 ||     5
  Eat: Chunk             |     2 |     1 ||     3
       Pizza             |       |     1 ||     1
Armor: Animal skin       |    26 |    30 ||    56
Dodge: Dodged            |    45 |    47 ||    92
